 Dungeon Crawl Stone Soup version 0.27-a0-887-gcab673c142 (webtiles) character file.

Game seed: 12883962247045788597

39 voltaire321 the Ducker (level 3, 0/29 HPs)
             Began as a Djinni Gladiator on Apr 3, 2021.
             Slain by an orc priest
             ... wielding a +0 trident
              (6 damage)
             ... on level 2 of the Dungeon.
             The game lasted 00:03:22 (1291 turns).

voltaire321 the Ducker (Djinni Gladiator)           Turns: 1291, Time: 00:03:23

Health: 0/29       AC:  6    Str: 13    XL:     3   Next: 45%
Gold:   47         EV: 13    Int: 10    God:
                   SH:  0    Dex: 14

rFire    + + .     SeeInvis .   a - +0 long sword
rCold    x . .     Faith    .   (no shield)
rNeg     . . .     Spirit   .   b - +0 leather armour
rPois    ∞         Reflect  .   c - +0 helmet
rElec    .         Harm     .   j - +0 cloak
rCorr    .         Rampage  .   g - +0 pair of gloves
Will     .....                  (boots unavailable)
Stlth    +.........             (no amulet)
HPRegen  0.09/turn              (no ring)
MPRegen  0.00/turn              (no ring)

@: flying
A: fire resistance 2, cold vulnerability 1, float, innate caster, hp casting,
extra vitality 1
a: no special abilities


You were on level 2 of the Dungeon.
You visited 1 branch of the dungeon, and saw 2 of its levels.

You collected 47 gold pieces.

Inventory:

Hand Weapons
 a - a +0 long sword (weapon)
Missiles
 d - 3 throwing nets (quivered)
Armour
 b - a +0 leather armour (worn)
 c - a +0 helmet (worn)
 g - a +0 pair of gloves (worn)
 j - a +0 cloak (worn)
Scrolls
 e - 2 scrolls of identify {unknown}
 f - a scroll of vulnerability {unknown}
 h - a scroll of teleportation {unknown}
 i - a scroll of blinking {unknown}
 k - a scroll of magic mapping {unknown}


   Skills:
 + Level 2.7 Fighting
 + Level 3.2 Long Blades
 - Level 1.5 Throwing
 + Level 3.8 Dodging


You had one spell level left.
You knew the following spells:

 Your Spells              Type           Power      Damage    Failure   Level
a - Beastly Appendage     Tmut           0%         N/A       43%         1
Your spell library was empty.

Dungeon Overview and Level Annotations

Branches:
Dungeon (2/15)

Altars:


Innate Abilities, Weirdness & Mutations

You are immune to poison.
Your flesh is very heat resistant. (rF++)
You are vulnerable to cold. (rC-)
You float through the air rather than walking.
You learn spells naturally, not from books.
Your magical power is your life essence.
You have superior vitality. (+4 HP)


Message History

The giant cockroach bites you but does no damage.
You barely miss the giant cockroach.
The giant cockroach is heavily wounded.
The giant cockroach misses you.
You riposte.
You hit the giant cockroach but do no damage.
The giant cockroach is heavily wounded.
You slash the giant cockroach!
You kill the giant cockroach!
Things that are here:
a giant cockroach corpse; a bat corpse An orc comes into view.
It is wielding a +0 short sword.
The orc shouts!
The orc hits you but does no damage.
You hit the orc.
The orc is moderately wounded.
The orc barely misses you.
You hit the orc.
The orc is severely wounded.
The orc misses you.
You barely miss the orc.
The orc is heavily wounded.
The orc closely misses you. The orc barely misses you.
The orc closely misses you.
You hit the orc.
You kill the orc!
The orc hits you but does no damage. The orc hits you but does no damage.
Things that are here:
a +0 short sword; 9 gold pieces; an orc corpse You closely miss the orc.
The orc priest hits you from afar with a +0 trident!
The orc closely misses you.
You riposte.
You slash the orc!
You kill the orc!
The orc priest hits you from afar with a +0 trident!
You hit the orc.
The orc is heavily wounded.
The orc hits you with a +0 mace.
* * * LOW HITPOINT WARNING * * *
The orc priest hits you from afar with a +0 trident.
You die...

## ... #.## #...
#...# #.#....####
........o@#
#......o#.#
#.≈...≈o#.#
..#.......#.#
#.#......o#.#
##.#.....o.#.#
####..#.≈...≈.#.#
#.....#.......#.#
#.##..##.....##.#


You could see an orc priest and an orc.

Vanquished Creatures
  2 orcs (D:2)
  2 endoplasms
  2 giant cockroaches
  4 goblins (D:1)
  5 hobgoblins (D:1)
  2 quokkas (D:1)
  3 ball pythons (D:1)
  4 bats
  3 frilled lizards
  3 kobolds (D:1)
  3 rats (D:1)
33 creatures vanquished.

Notes
Turn   | Place    | Note
-------+----------+-------------------------------------------
     0 | D:1      | voltaire321 the Djinni Gladiator began the quest for the
                  | Orb.
     0 | D:1      | Reached XP level 1. HP: 18/18 MP: 0/0
   161 | D:1      | Reached XP level 2. HP: 22/23 MP: 0/0
   675 | D:1      | Reached XP level 3. HP: 28/29 MP: 0/0
   675 | D:1      | Learned a level 1 spell: Beastly Appendage
   933 | D:1      | Found a faded altar of an unknown god.
  1291 | D:2      | Slain by an orc priest

Illustrated notes

Levels and vault maps discovered:
D:1:      dpeg_arrival_snail, layout_loops_ring, basic_ecumenical_altar,
          minivault_14, minmay_tetromino_i2
D:2:      cheibrodos_pilgrimage, layout_loops_ring

Skill      XL: |  1  2 |
---------------+-------+-----
Long Blades    | 3 |  3.2
Fighting       | |  2.7
Throwing       | |  1.5
Dodging        | |  3.8

Action                   || total
-------------------------++-------
Melee: Long sword        ||    96
       Headbutt          ||     2
 Cast: Beastly Appendage ||     3
 Stab: Sleeping          ||     1
Armor: Leather armour    ||    57
Dodge: Dodged            ||    63
       Rpst.: Long sword ||    23

Table legend: (Time is in decaauts)
 A = Elapsed time spent in this place.
 B = Non-inter-level travel time spent in this place.
 C = Inter-level travel time spent in this place.
 D = Time resting spent in this place.
 E = Time spent auto-exploring this place.
 F = Levels seen in this place.
 G = Mean time per level.
                   A        B        C        D        E       F      G
               +--------+--------+--------+--------+--------+-----+--------+
         Total |   1315 |   1315 |      0 |    332 |    591 |   2 |  657.5 |
       Dungeon |   1315 |   1315 |      0 |    332 |    591 |   2 |  657.5 |
               +--------+--------+--------+--------+--------+-----+--------+

Top non-repeatable levels by time:
     D:1: 1242 daAuts
     D:2: 73 daAuts
